 Dungeon Crawl Stone Soup version 0.26.1-2-gb8aa6d0cf2 (webtiles) character file.

Game seed: 355495261703655411

1715 nightchill the Spear-Bearer (level 9, 0/71 HPs)
             Began as a Merfolk Gladiator on Mar 19, 2021.
             Was a Follower of Fedhas.
             Shot with a sling bullet by Joseph (6 damage)
             ... on level 7 of the Dungeon.
             The game lasted 00:08:56 (6177 turns).

nightchill the Spear-Bearer (Merfolk Gladiator)     Turns: 6177, Time: 00:08:56

Health: 0/71       AC:  7    Str: 18    XL:     9   Next: 4%
Magic:  9/11       EV: 11    Int:  7    God:    Fedhas [*.....]
Gold:   313        SH:  7    Dex: 15    Spells: 8/8 levels left

rFire    . . .     SeeInvis .   a - +0 trident
rCold    . . .     Faith    .   y - +0 kite shield
rNeg     . . .     Spirit   .   b - +0 leather armour
rPois    .         Reflect  .   c - +0 helmet
rElec    .         Harm     .   (no cloak)
rCorr    .         Rampage  .   (no gloves)
Will     .....     Clarity  +   i - +2 pair of boots {Stlth+}
Stlth    ++........             A - amulet of regeneration
HPRegen  0.61/turn              (no ring)
MPRegen  0.12/turn              (no ring)

@: very slightly contaminated
A: change form in water, swift swim, stealthy swim, clarity, low mp 1, sense
surroundings 1, MP-powered wands
a: Renounce Religion


You were on level 7 of the Dungeon.
You worshipped Fedhas.
Fedhas was aware of your devotion.
You visited 1 branch of the dungeon, and saw 7 of its levels.

You collected 313 gold pieces.

Inventory:

Hand Weapons
 a - a +0 trident (weapon)
Missiles
 d - 3 throwing nets (quivered)
Armour
 b - a +0 leather armour (worn)
 c - a +0 helmet (worn)
 i - a +2 pair of boots of stealth (worn)
 y - a +0 kite shield (worn)
Jewellery
 A - an amulet of regeneration (around neck)
Wands
 o - a wand of polymorph (14)
Scrolls
 j - 10 scrolls of identify {unknown}
 l - a scroll of fog {unknown}
 m - 2 scrolls of amnesia {unknown}
 n - 4 scrolls of teleportation {unknown}
 q - 2 scrolls of random uselessness {unknown}
 s - 3 scrolls of magic mapping {unknown}
 u - 8 scrolls of remove curse {unknown}
 x - a scroll of immolation {unknown}
 z - a scroll of noise {unknown}
Potions
 e - a potion of berserk rage {unknown}
 f - 2 potions of heal wounds {unknown}
 g - a potion of curing
 h - a potion of brilliance {unknown}
 k - a potion of mutation
 p - 2 potions of invisibility
 r - a potion of might
 t - a potion of degeneration {unknown}
 v - a potion of lignification {unknown}
 w - a potion of ambrosia {unknown}


   Skills:
 + Level 6.8 Fighting
 * Level 12.4 Polearms
 - Level 2.0 Throwing
 - Level 4.0 Dodging
 + Level 4.5 Invocations


You had 8 spell levels left.
You didn't know any spells.
Your spell library contained the following spells:

 Spells                   Type           Power        Failure   Level
 Magic Dart               Conj           0%           98%         1
 Searing Ray              Conj           0%           99%         2
 Dazzling Flash           Conj/Hex       0%           100%        3
 Fulminant Prism          Conj/Hex       0%           100%        4
 Iskenderun's Mystic Bla  Conj/Tloc      0%           100%        4


Dungeon Overview and Level Annotations

Branches:
Dungeon (7/15)             Temple (0/1) D:4

Altars:
Ashenzari
Cheibriados
Fedhas
Makhleb

Annotations:
D:7 Joseph


Innate Abilities, Weirdness & Mutations

You revert to your normal form in water.
You are very nimble and swift while swimming.
You are very stealthy in the water. (Stealth+)
You possess an exceptional clarity of mind.
Your magical capacity is low. (-10% MP)
You passively map a small area around you.
You expend magic power (3 MP) to strengthen your wands.


Message History

You reach to attack!
You hit Joseph.
Joseph is severely wounded.
You flicker back into view.
Joseph shouts!
Joseph unwields a +0 quarterstaff.
Joseph wields a +0 hunting sling.
Joseph shoots a sling bullet.
The sling bullet hits you!
* * * LOW HITPOINT WARNING * * *
Reach: a) +0 trident
Press: ? - help, Dir - move target, f/p - Joseph
Aim: Joseph, wielding a +0 hunting sling, wearing a +0 leather armour and quivering 13 sling bullets (severely wounded, poisoned)
You reach to attack!
You barely miss Joseph.
Joseph is severely wounded.
Reach: a) +0 trident
Press: ? - help, Dir - move target, f/p - Joseph
Aim: Joseph, wielding a +0 hunting sling, wearing a +0 leather armour and quivering 13 sling bullets (severely wounded, poisoned)
You reach to attack!
You closely miss Joseph.
Joseph is severely wounded.
Joseph shoots a sling bullet.
The sling bullet hits you.
You die...
Fedhas appreciates your contribution to the ecosystem.

, * * * , ,,
....... + , * *
....... , ,
......., * * *
....... , #.#
*....... * #.#
....... , ,, * *
#.######.......
#.#.K@(@...(... ,
**#.#.###########
* , #.#.# , #.#P#
* #<#.# , , #.#P#
,#.####Z#K####
#...........#
#...........#


You could see Joseph (poisoned) and a kobold.

Vanquished Creatures
  Grinder (D:3)
  Sigmund (D:3)
  Menkaure (D:4)
  An ice beast (D:6)
  A phantom (D:6)
  A centaur (D:5)
  A big kobold (D:7)
  2 bullfrogs
  2 scorpions (D:5)
  A howler monkey (D:4)
  2 orc wizards
  A hound (D:5)
  2 orc priests (D:6)
  Crazy Yiuf (D:3)
  2 centaur skeletons
  4 bullfrog skeletons
  Jessica (D:3)
  Terence (D:2)
  Natasha (D:2)
  2 worker ants (D:4)
  6 adders
  A shadow imp (D:5)
  An ufetubus (D:6)
  An ooze (D:1)
  5 dart slugs
  A leopard gecko (D:2)
  12 orcs
  A ball python (D:1)
  7 bats
  9 giant cockroaches
  6 goblins
  6 hobgoblins
  12 jackals
  3 frilled lizards
  A jackal zombie (D:5)
  11 kobolds
  A leopard gecko skeleton (D:6)
  7 rats
120 creatures vanquished.

Vanquished Creatures (collateral kills)
  3 kobolds (D:7)
3 creatures vanquished.

Vanquished Creatures (others)
  2 plants (D:2)
2 creatures vanquished.

Grand Total: 125 creatures vanquished

Notes
Turn   | Place    | Note
-------+----------+-------------------------------------------
     0 | D:1      | nightchill the Merfolk Gladiator began the quest for the
                  | Orb.
     0 | D:1      | Reached XP level 1. HP: 16/16 MP: 1/1
   285 | D:1      | Reached skill level 5 in Polearms
   285 | D:1      | Reached XP level 2. HP: 20/23 MP: 2/2
   689 | D:1      | Reached XP level 3. HP: 26/28 MP: 3/3
   912 | D:2      | Reached skill level 6 in Polearms
  1189 | D:2      | Noticed Terence
  1201 | D:2      | Killed Terence
  1202 | D:2      | Reached XP level 4. HP: 33/35 MP: 4/4
  1325 | D:2      | You fall into a shaft and drop 1 floor!
  1364 | D:3      | Reached skill level 7 in Polearms
  1364 | D:3      | Reached XP level 5. HP: 29/42 MP: 5/5
  1509 | D:3      | Noticed Grinder
  1541 | D:3      | Noticed Jessica
  1547 | D:3      | Killed Jessica
  1751 | D:3      | Noticed Sigmund
  1866 | D:3      | Killed Grinder
  1867 | D:3      | Reached skill level 9 in Polearms
  1867 | D:3      | Reached XP level 6. HP: 19/49 MP: 6/6
  2178 | D:2      | Found a blossoming altar of Fedhas.
  2178 | D:2      | Noticed Natasha
  2184 | D:2      | Killed Natasha
  2317 | D:2      | Became a worshipper of Fedhas Madash
  2677 | D:3      | Killed Sigmund
  2678 | D:3      | Reached skill level 5 in Fighting
  2678 | D:3      | Reached skill level 1 in Invocations
  2678 | D:3      | Reached XP level 7. HP: 50/56 MP: 6/8
  2878 | D:3      | Found a runed translucent door.
  2879 | D:3      | Noticed Crazy Yiuf
  3037 | D:3      | Killed Crazy Yiuf
  3204 | D:4      | Reached skill level 10 in Polearms
  3370 | D:4      | Found a staircase to the Ecumenical Temple.
  3526 | D:4      | Noticed Menkaure
  3536 | D:4      | Killed Menkaure
  3537 | D:4      | Reached XP level 8. HP: 16/63 MP: 9/9
  3836 | D:4      | Reached * piety under Fedhas
  4009 | D:5      | Entered Level 5 of the Dungeon
  4184 | D:5      | Reached skill level 11 in Polearms
  4504 | D:5      | Found a snail-covered altar of Cheibriados.
  5335 | D:6      | Found a broken altar of Ashenzari.
  5721 | D:6      | Found a burning altar of Makhleb.
  5721 | D:6      | Noticed a balrug
  5820 | D:6      | Reached skill level 12 in Polearms
  5870 | D:6      | Reached ** piety under Fedhas
  6096 | D:7      | Reached XP level 9. HP: 71/71 MP: 12/12
  6103 | D:7      | Noticed Joseph
  6121 | D:7      | HP: 3/71 [poisoned by a big kobold]
  6122 | D:7      | Gained mutation: You expend magic power (3 MP) to
                  | strengthen your wands. [potion of mutation]
  6122 | D:7      | Gained mutation: You passively map a small area around you.
                  | [potion of mutation]
  6122 | D:7      | Gained mutation: Your magical capacity is low. (-10% MP)
                  | [potion of mutation]
  6122 | D:7      | Gained mutation: You possess an exceptional clarity of
                  | mind. [potion of mutation]
  6122 | D:7      | HP: 1/71 [poisoned by a big kobold]
  6177 | D:7      | Shot with a sling bullet by Joseph

Illustrated notes

Levels and vault maps discovered:
D:1:      amcnicky_arrival_flooded_fountain, layout_basic
D:2:      layout_loops_cross, fedhas_altar_1, uniq_terence, uniq_natasha
D:3:      layout_loops_ring, gup_sewer_entry_bowl, uniq_jessica, uniq_sigmund,
          uniq_grinder, uniq_crazy_yiuf_cottage
D:4:      layout_rooms, temple_doors_e, uniq_menkaure
D:5:      layout_loops_cross, serial_rivers, chequers_serial_rivers_micro_b,
          chequers_serial_rivers_micro_a, chequers_serial_rivers_micro_a,
          chequers_serial_rivers_micro_e, chequers_serial_rivers_micro_e,
          basic_altar
D:6:      layout_basic, makhleb_altar_promises_db, basic_altar,
          minmay_hedge_maze
D:7:      layout_basic, uniq_joseph, uniq_harold, uniq_maggie

Skill      XL: |  1  2  3  4  5  6  7  8 |
---------------+-------------------------+-----
Polearms       | 5 6 7 9 10 12 | 12.4
Fighting       | 3 4 5 6 |  6.8
Invocations    | 1 2 4 |  4.5
Throwing       | |  2.0
Dodging        | |  4.0

Action                   |  1- 3 |  4- 6 |  7- 9 || total
-------------------------+-------+-------+-------++-------
Melee: Trident           |   106 |   142 |   291 ||   539
Throw: Throwing net      |       |     1 |       ||     1
Invok: Wall of Briars    |       |       |     2 ||     2
  Use: Potion            |       |       |     4 ||     4
 Stab: Sleeping          |    17 |     3 |    10 ||    30
       Held in net/web   |       |     2 |       ||     2
       Distracted        |       |     1 |     1 ||     2
Armor: Leather armour    |    12 |    22 |    43 ||    77
Dodge: Dodged            |    48 |    67 |    93 ||   208
Block: Kite shield       |       |       |    22 ||    22
